 Dungeon Crawl Stone Soup version 0.29-a0-506-ga2e7fffb44 (webtiles) character file.

Game seed: 3075759670306831289

10313 porpoise the Archer (level 11, -4/63 HPs)
             Began as a Tengu Hunter on May 29, 2022.
             Was a Priest of Hepliaklqana.
             Succumbed to a death drake's dark miasma
             ... on level 1 of the Orcish Mines.
             The game lasted 00:45:02 (13128 turns).

porpoise the Archer (Tengu Hunter)                 Turns: 13128, Time: 00:45:03

Health: -4/63      AC:  9    Str: 20    XL:     11   Next: 60%
Magic:  14/14      EV: 14    Int: 10    God:    Hepliaklqana [***...]
Gold:   465        SH:  0    Dex: 19    Spells: 10/10 levels left

rFire   + . .      SeeInvis .   a - +3 longbow
rCold   + . .      Faith    .   (shield currently unavailable)
rNeg    . . .      Spirit   .   q - +1 ring mail
rPois   .          Reflect  .   (helmet restricted)
rElec   .          Harm     .   d - +1 cloak of the Pirate {rF+ rC+}
rCorr   .          Rampage  .   (no gloves)
Will    +....                   (boots unavailable)
Stlth   +++.......              (no amulet)
HPRegen 0.20/turn               z - +6 ring of strength
MPRegen 0.14/turn               l - ring of willpower

@: lethally poisoned (-4 -> -53), flying quickly and evasively, slowed, very
slow
A: reduced essence, beak, talons 3, nimble flight
a: Renounce Religion, Recall Ancestor, Ancestor Identity, Transference


You were on level 1 of the Orcish Mines.
You worshipped Hepliaklqana.
Hepliaklqana was most pleased with you.
You visited 3 branches of the dungeon, and saw 12 of its levels.

You collected 531 gold pieces.
You spent 66 gold pieces at shops.

Inventory:

Hand Weapons
 a - a +3 longbow (weapon)
 b - a +0 short sword of draining
 A - a +2 shortbow of freezing
 J - a +2 short sword of venom
Missiles
 x - 39 poisoned darts
 C - 3 boomerangs
Armour
 d - the +1 cloak of the Pirate (worn) {rF+ rC+}
   (You acquired it on level 6 of the Dungeon)

   rF:        It protects you from fire.
   rC:        It protects you from cold.
 h - an orb of energy
 q - a +1 ring mail (worn)
Magical Staves
 n - a staff of earth
 D - a staff of air
Jewellery
 l - a ring of willpower (right hand)
 z - a +6 ring of strength (left hand)
 E - a ring of willpower
 K - a ring of wizardry
Wands
 r - a wand of polymorph (14)
 u - a wand of acid (1)
 y - a wand of digging (5)
 F - a wand of flame (19)
 H - a wand of iceblast (10)
Scrolls
 c - a scroll of immolation
 f - a scroll of noise
 g - 5 scrolls of teleportation
 j - 2 scrolls of fog
 o - a scroll of vulnerability
 p - a scroll of torment {unknown}
 s - a scroll of enchant armour
 t - a scroll of poison
 w - 4 scrolls of amnesia
 G - a scroll of summoning {unknown}
 I - a scroll of fear
 L - a scroll of blinking {unknown}
Potions
 e - 2 potions of cancellation
 i - 2 potions of brilliance
 k - 5 potions of curing
 m - 3 potions of haste
 v - 4 potions of might
 B - 3 potions of attraction
 M - a potion of heal wounds {unknown}


   Skills:
 - Level 9.0 Fighting
 * Level 14.4 Bows
 + Level 6.2 Armour
 - Level 2.1 Dodging
 - Level 7.0 Stealth
 - Level 3.0 Invocations
 + Level 0.0 Evocations


You had 10 spell levels left.
You didn't know any spells.
Your spell library contained the following spells:

 Spells                   Type           Power      Damage    Failure   Level
 Freeze                   Ice            0%         1d3       52%         1
 Necrotize                Necr           0%         1d4       52%         1
 Sandblast                Erth           0%         2d4       52%         1
 Confusing Touch          Hex            0%         N/A       87%         3
 Frozen Ramparts          Ice            0%         1d2       87%         3
 Ignite Poison            Fire/Tmut/Pois 0%         N/A       87%         3
 Mephitic Cloud           Conj/Pois/Air  0%         N/A       87%         3
 Stone Arrow              Conj/Erth      0%         3d7       87%         3
 Tukima's Dance           Hex            0%         N/A       87%         3
 Vampiric Draining        Necr           0%         2d6       87%         3
 Dispel Undead            Necr           0%         3d6       99%         4
 Hailstorm                Conj/Ice       0%         3d3       99%         4
 Passage of Golubria      Tloc           0%         N/A       99%         4
 Sticky Flame             Conj/Fire      0%         2d3       99%         4
 Agony                    Necr           0%         N/A       100%        5
 Blade Hands              Tmut           0%         N/A       100%        5
 Freezing Cloud           Conj/Ice/Air   0%         6-21      100%        5
 Yara's Violent Unravell  Hex/Tmut       0%         3d3       100%        5
 Eringya's Noxious Bog    Tmut/Pois      0%         N/A       100%        6
 Enfeeble                 Hex            0%         N/A       100%        7
 Borgnjor's Revivificati  Necr           0%         N/A       100%        8
 Necromutation            Tmut/Necr      0%         N/A       100%        8
 Chain Lightning          Conj/Air       0%         N/A       100%        9
 Death's Door             Necr           0%         N/A       100%        9
 Fire Storm               Conj/Fire      0%         5d1       100%        9
 Shatter                  Erth           0%         3d5*      100%        9


Dungeon Overview and Level Annotations

Branches:
Dungeon (10/15)            Temple (1/1) D:5            Lair (0/6) D:9
    Orc (1/2) D:10

Altars:
Cheibriados
Fedhas
Gozag
Hepliaklqana
Makhleb
Nemelex Xobeh
Okawaru
Uskayaw
Vehumet
Wu Jian
Xom
The Shining One

Shops:
D:1 (   D:5 **


Innate Abilities, Weirdness & Mutations

Your life essence is reduced to manifest your ancestor. (-10% HP)
You have a beak for a mouth.
You have claws for feet.
Your magical nature lets you fly swiftly and evasively.


Message History

The orc knight shoots a bolt.
The bolt barely misses you.
There is a staircase back to the Dungeon, spattered with blood here.
Aiming: Polymorph
Press: ? - help, Shift-Dir - straight line, f - orc knight
Aim: an orc knight, wielding a +0 arbalest and wearing a +0 plate armour (will become a torpor snail, a shapeshifter, or a death drake, chance to affect: 31%)
The orc knight easily resists.
The orc wizard gestures wildly while chanting.
The orc wizard flickers and vanishes!
Deactivating autopickup; reactivate with Ctrl-A.
An orc comes into view. It is wielding a +0 mace.
The orc knight shoots a bolt.
The bolt closely misses you.
Aiming: Polymorph
Press: ? - help, Shift-Dir - straight line, f/p - orc knight
Aim: an orc knight, wielding a +0 arbalest and wearing a +0 plate armour (will become a torpor snail, a shapeshifter, or a death drake, chance to affect: 31%)
The orc knight evaporates and reforms as a death drake!
The death drake breathes miasma at you. The foul vapour engulfs you!
You are poisoned.
Shoot: a) +3 longbow
Press: ? - help, Q - select action, (/) - cycle Shift-Dir - straight line, f/p - death drake
Aim: a death drake (catching its breath, 62% to hit)
You shoot an arrow. The arrow misses the death drake.
You are engulfed in dark miasma.
You are more poisoned.
You feel yourself slow down.
You feel extremely sick.
A puff of flame appears from out of thin air!
The puff of flame hits Nikki.
Nikki resists.
Nikki closely misses something.
Shoot: a) +3 longbow
Press: ? - help, Q - select action, (/) - cycle Shift-Dir - straight line, f/p - death drake
Aim: a death drake (foul pestilence, catching its breath, 62% to hit)
You shoot an arrow.
The arrow barely misses the death drake.
You are engulfed in dark miasma.
You are more poisoned.
You feel as though you will be slow longer.
* * * LOW HITPOINT WARNING * * *
You die...

.. ## .# ..
... ##.##. #.
....#.......##
....#.... ...
...#R....o..
.....°.°#°#
.....°°°°#
..)..°°@#
......○##
.....○.
....°..
...k>..
..)....
.......
......>


You could see the friendly Nikki the knight, a death drake (catching breath) and
an orc.

Vanquished Creatures
  2 two-headed ogres (D:10)
  Maurice (D:8)
  A troll (D:10)
  A vampire (D:10)
  14 yaks
  A wraith (D:10)
  A wyvern (D:8)
  Edmund (D:6)
  A warg (D:10)
  4 water moccasins
  4 orc warriors
  A black bear (D:9)
  3 sky beasts
  3 ogres
  2 phantoms (D:6)
  5 centaurs
  2 kobold brigands (D:8)
  3 bullfrogs
  4 scorpions
  7 wights
  6 killer bees
  4 howler monkeys
  5 hounds
  3 jellies
  A gnoll shaman (D:8)
  4 orc priests
  Jessica (D:3)
  An iguana (D:5)
  Ijyb (D:5)
  Natasha (twice) (D:3)
  11 orc wizards
  A mummy (D:9)
  8 gnolls
  11 adders
  3 shadow imps
  A white imp (D:5)
  3 worms
  2 dart slugs
  18 orcs
  7 ball pythons
  5 bats
  An endoplasm (D:3)
  3 giant cockroaches
  2 goblins
  6 hobgoblins
  5 quokkas
  7 frilled lizards
  11 kobolds
  4 rats
198 creatures vanquished.

Vanquished Creatures (collateral kills)
  An unseen horror (D:10)
  2 yaks
  A wyvern (D:9)
  A steam dragon (D:9)
  An orc warrior (D:9)
  A black bear (D:9)
  A kobold brigand (D:10)
  5 killer bees
  2 howler monkeys (D:8)
  2 orc priests (D:7)
  2 orc wizards
  5 orcs
  A kobold (D:10)
25 creatures vanquished.

Vanquished Creatures (others)
  A knight (D:10)
  2 ancestors (D:7)
  A plant (D:10)
4 creatures vanquished.

Grand Total: 227 creatures vanquished

Notes
Turn   | Place    | Note
-------+----------+-------------------------------------------
     0 | D:1      | porpoise the Tengu Hunter began the quest for the Orb.
     0 | D:1      | Reached XP level 1. HP: 12/12 MP: 2/2
   330 | D:1      | Reached XP level 2. HP: 18/18 MP: 3/3
   354 | D:1      | Found a faded altar of an unknown god.
   534 | D:1      | Found Cigaxor's Antique Weapon Shop.
   682 | D:1      | Reached skill level 5 in Bows
   682 | D:1      | Reached XP level 3. HP: 10/22 MP: 4/4
  1618 | D:2      | Reached XP level 4. HP: 28/28 MP: 5/5
  2204 | D:3      | Noticed Natasha
  2210 | D:3      | Killed Natasha
  2211 | D:3      | Gained mutation: Your magical nature lets you fly swiftly
                  | and evasively. [Tengu growth]
  2211 | D:3      | Reached XP level 5. HP: 25/33 MP: 6/6
  2616 | D:3      | You are sucked into a shaft and drop 3 floors!
  2641 | D:6      | Reached skill level 6 in Bows
  2899 | D:5      | Entered Level 5 of the Dungeon
  2915 | D:5      | Noticed an ogre
  2933 | D:5      | Killed an ogre
  2934 | D:5      | Reached XP level 6. HP: 38/38 MP: 7/7
  3333 | D:5      | Found Nanone's Assorted Antiques.
  3336 | D:5      | Bought a scroll labelled CAODGH RISIOR for 22 gold pieces
  3336 | D:5      | Bought a scroll labelled TIESOL MOUMP for 22 gold pieces
  3336 | D:5      | Bought a scroll labelled CAODGH RISIOR for 22 gold pieces
  3428 | D:5      | Found Fuew's General Store.
  3432 | D:5      | Noticed Ijyb
  3437 | D:5      | Killed Ijyb
  3784 | D:4      | Got the Guide on Burning Moulding
  3971 | D:4      | Reached skill level 7 in Bows
  3971 | D:4      | Reached XP level 7. HP: 15/44 MP: 8/8
  4528 | D:3      | Noticed Jessica
  4529 | D:3      | Noticed Natasha
  4535 | D:3      | Killed Natasha
  4539 | D:3      | Killed Jessica
  5153 | D:4      | Found an opulent altar of Gozag.
  5448 | D:5      | Reached skill level 5 in Fighting
  5870 | D:5      | Reached skill level 8 in Bows
  5910 | D:5      | Found a sparkling altar of Nemelex Xobeh.
  5953 | D:5      | Reached XP level 8. HP: 49/49 MP: 9/9
  5969 | D:5      | Found a staircase to the Ecumenical Temple.
  5980 | Temple   | Entered the Ecumenical Temple
  6055 | Temple   | Became a worshipper of Hepliaklqana the Forgotten
  6227 | D:5      | Found a runed translucent door.
  6228 | D:5      | Noticed Crazy Yiuf
  6232 | D:5      | Noticed Crazy Yiuf
  6232 | D:5      | Crazy Yiuf changed into Crazy Yiuf the howler monkey
  6238 | D:5      | Killed Crazy Yiuf the howler monkey
  6341 | D:5      | Found an ornate altar of the Wu Jian Council.
  6600 | D:6      | Identified a scroll of acquirement
  6600 | D:6      | Acquired the +1 cloak of the Pirate {rF+ rC+}
  6658 | D:6      | Reached skill level 9 in Bows
  6682 | D:6      | Noticed Edmund
  6696 | D:6      | Killed Edmund
  6697 | D:6      | Reached skill level 5 in Stealth
  6863 | D:6      | Reached XP level 9. HP: 56/56 MP: 10/10
  7212 | D:6      | Reached * piety under Hepliaklqana
  7425 | D:7      | Reached skill level 10 in Bows
  8392 | D:7      | Reached skill level 11 in Bows
  8647 | D:8      | Noticed Maurice
  8656 | D:8      | Killed Maurice
  8657 | D:8      | Reached XP level 10. HP: 36/57 MP: 11/11
  8807 | D:8      | Reached skill level 1 in Armour
  9239 | D:8      | Reached skill level 12 in Bows
  9576 | D:8      | Reached ** piety under Hepliaklqana
  9577 | D:8      | Remembered your ancestor Nikki as a knight
 10178 | D:9      | Found a staircase to the Lair.
 10331 | D:9      | Reached skill level 13 in Bows
 10344 | D:9      | Found a radiant altar of Vehumet.
 10656 | D:9      | Found a snail-covered altar of Cheibriados.
 11011 | D:10     | Entered Level 10 of the Dungeon
 11018 | D:10     | Reached XP level 11. HP: 62/62 MP: 9/12
 11110 | D:10     | Reached skill level 5 in Armour
 11112 | D:10     | Reached skill level 1 in Invocations
 11207 | D:10     | Found a glowing golden altar of the Shining One.
 11643 | D:10     | Reached skill level 14 in Bows
 11705 | D:10     | Reached *** piety under Hepliaklqana
 11713 | D:10     | Got the Compendium of the Watchman
 11785 | D:10     | Noticed a two-headed ogre
 11791 | D:10     | Noticed a two-headed ogre
 11793 | D:10     | Killed a two-headed ogre
 11797 | D:10     | Killed a two-headed ogre
 11854 | D:10     | Found a staircase to the Orcish Mines.
 11939 | D:10     | Found a shimmering altar of Xom.
 12109 | Orc:1    | Entered Level 1 of the Orcish Mines
 12109 | Orc:1    | Noticed an orc knight
 13126 | Orc:1    | Noticed a death drake
 13126 | Orc:1    | an orc knight changed into a death drake
 13128 | Orc:1    | Succumbed to a death drake's dark miasma

Illustrated notes

Levels and vault maps discovered:
D:1:      dpeg_arrival_oval, layout_rooms, serial_shops, shop,
          ebering_ecumenical_altar_webs, minmay_misc_feat_x
D:2:      layout_loops_corners
D:3:      layout_basic, uniq_natasha, uniq_jessica
D:4:      layout_loops_ring, mainiacjoe_overflow_alcove_1, kennysheep_dice
D:5:      layout_rooms, nemelex_altar_shiori,
          nicolae_wu_jian_immortal_techniques, minmay_temple_entry_grid,
          serial_shops, shop, kennysheep_mini, dreamdust_princess_corridor,
          uniq_crazy_yiuf_cottage, uniq_ijyb
D:6:      layout_loops_cross, uniq_edmund
D:7:      layout_rooms, minmay_joined_circles
D:8:      layout_loops_corners, serial_glass, glass_columns_a, glass_columns_a,
          glass_columns_a, glass_columns_a, glass_columns_b, glass_columns_b,
          glass_columns_c, glass_columns_c, hangedman_decor_slide_cut,
          uniq_maurice
D:9:      layout_loops_ring, slow_altar_2, fiery_altar_vehumet,
          david_lair_generic
D:10:     layout_small_grid, tso_oasis_becter, lemuel_round_altar, orc_0_dummy,
          enter_bailey_2
Temple:   regret_index_temple_generic_petals
Orc:1:    layout_caves

Skill      XL: |  1  2  3  4  5  6  7  8  9 10 11 |
---------------+----------------------------------+-----
Bows           | 5 6 7 8 9 11 13 14 | 14.4
Fighting       | 3 4 5 6 7 8 9 |  9.0
Stealth        | 2 3 5 7 |  7.0
Armour         | 4 6 |  6.2
Invocations    | 3 |  3.0
Dodging        | |  2.1

Action                   |  1- 3 |  4- 6 |  7- 9 | 10-12 || total
-------------------------+-------+-------+-------+-------++-------
Melee: Unarmed           |       |     1 |       |       ||     1
       Longbow           |       |       |       |     1 ||     1
       Peck              |       |       |       |     1 ||     1
 Fire: Shortbow          |    52 |    38 |       |       ||    90
       Longbow           |    35 |    75 |   236 |   240 ||   586
Invok: Ancestor Identity |       |       |     2 |     1 ||     3
       Recall Ancestor   |       |       |     1 |     5 ||     6
       Ancestor Life: Kn |       |       |       |     1 ||     1
Evoke: Wand              |       |       |     4 |     4 ||     8
  Use: Scroll            |       |       |    15 |     7 ||    22
       Potion            |       |       |     2 |       ||     2
Armor: Leather armour    |     3 |       |       |       ||     3
       Ring mail         |       |    21 |    46 |    21 ||    88
Dodge: Dodged            |    11 |    45 |    90 |    74 ||   220

Table legend: (Time is in decaauts)
 A = Elapsed time spent in this place.
 B = Non-inter-level travel time spent in this place.
 C = Inter-level travel time spent in this place.
 D = Time resting spent in this place.
 E = Time spent auto-exploring this place.
 F = Levels seen in this place.
 G = Mean time per level.
                   A        B        C        D        E       F      G
               +--------+--------+--------+--------+--------+-----+--------+
         Total |  12859 |  12527 |    332 |   5460 |   5140 |  12 | 1071.6 |
       Dungeon |  12675 |  12369 |    306 |   5403 |   5078 |  10 | 1267.5 |
        Temple |    161 |    136 |     25 |     57 |     61 |   1 |  161.0 |
  Orcish Mines |     22 |     22 |      0 |      0 |      0 |   1 |   22.0 |
               +--------+--------+--------+--------+--------+-----+--------+

Top non-repeatable levels by time:
    D:10: 2044 daAuts
     D:5: 1672 daAuts
     D:8: 1388 daAuts
     D:2: 1277 daAuts
     D:7: 1255 daAuts
     D:4: 1237 daAuts
     D:6: 1012 daAuts
     D:3: 968 daAuts
     D:1: 923 daAuts
     D:9: 895 daAuts
  Temple: 161 daAuts
   Orc:1: 22 daAuts
